[Event "*** Titled Tuesday Blitz"]
[Site "Chess.com"]
[Date "2021.04.06"]
[Round "8"]
[White "annacramling"]
[Black "Louis64"]
[Result "1-0"]
[WhiteElo "2092"]
[BlackElo "2249"]
[TimeControl "180+1"]
[EndTime "11:29:22 PDT"]
[Termination "annacramling won by resignation"]

1. d4 Nf6 2. c4 g6 3. Nc3 d5 4. cxd5 Nxd5 5. e4 Nxc3 6. bxc3 Bg7 7. Qa4+ Nd7 8. Nf3 O-O 9. Bg5 c5 10. Rd1 h6 11. Bh4 Nb6 12. Qa3 cxd4 13. cxd4 Re8 14.
Be2 Bg4 15. O-O Qd7 16. Ne5 Bxe5 17. dxe5 Bxe2 18. Rxd7 Nxd7 19. Re1 Bb5 20. e6 fxe6 21. Bxe7 Bc6 22. Bd6 a6 23. Qg3 Kh7 24. h4 Nf6 25. Qf4 Nh5 26. Qf7+ Ng7 27. h5 gxh5 28. Re3 Rg8 29.
Rg3 Be8 30. Qe7 Bg6 31. Be5 Rae8 32. Qf6 Nf5 33. exf5 exf5 34. Rxg6 Rxg6 35. Qf7+ 1-0

[Event "*** Titled Tuesday Blitz"]
[Site "Chess.com"]
[Date "2021.04.06"]
[Round "8"]
[White "Zhigalko_Sergei"]
[Black "Artyom_ChessMate"]
[Result "1-0"]
[WhiteElo "2889"]
[BlackElo "2538"]
[TimeControl "180+1"]
[EndTime "11:29:23 PDT"]
[Termination "Zhigalko_Sergei won on time"]

1. e4 e5 2. Nf3 Nc6 3. Bc4 Bc5 4. b4 Bxb4 5. c3 Ba5 6. d4 d6 7. Qb3 Qe7 8. d5 Nd4 9. Nxd4 exd4 10. O-O Bb6 11.
a4 Nf6 12. a5 Bc5 13. cxd4 Bxd4 14. Bb2 Bxb2 15. Qxb2 O-O 16. Nc3 Qe5 17. Rae1 Ng4 18. g3 Qh5 19. h4 Ne5 20. Be2 Nf3+ 21. Bxf3 Qxf3 22. Re3 Qg4 23. Nb5 Qd7 24. Rc1 c5 25.
dxc6 bxc6 26. Nd4 Qg4 27. Rxc6 Qd1+ 28. Kh2 Qf1 29. Rc1 Qh3+ 30. Kg1 Bd7 31. Qb7 Rfb8 32. Qd5 Rc8 33. Rce1 Be6 34. Qxd6 Rd8 35. Qe5 Bc4 36. Nf5 f6 37. Qf4 1-0

[Event "*** Titled Tuesday Blitz"]
[Site "Chess.com"]
[Date "2021.04.06"]
[Round "8"]
[White "jacky72"]
[Black "Natalya_Buksa"]
[Result "1-0"]
[WhiteElo "2710"]
[BlackElo "2509"]
[TimeControl "180+1"]
[EndTime "11:29:24 PDT"]
[Termination "jacky72 won by resignation"]

1. d4 d5 2. c4 e6 3. Nc3 Be7 4. Bf4 Nf6 5. e3 O-O 6. cxd5 Nxd5 7. Bg3 b6 8. Nf3 Bb7 9. Bd3 c5 10. O-O Nd7 11. Rc1 Nxc3 12. Rxc3 Rc8 13. Bb1 cxd4 14.
Rxc8 Qxc8 15. Nxd4 Nf6 16. Bh4 e5 17. Nf5 Qe6 18.
Qc2 e4 19. Qc7 Qxf5 20. Qxe7 Ba6 21. Rd1 Bd3 22. Bxd3 exd3 23. Bxf6 gxf6 24. Qxa7 Qb5 25. Qa3 Rd8 26. Qc3 Kg7 27. Rd2 Qa4 28. b3 Qb5 29. a4 Qd5 30. Qc4 Qd6 31. h3 h5 32. b4 Qd7 33. a5 bxa5 34. bxa5 Qd6 35. a6 Ra8 36. Rxd3 Qxa6 37. Qd5 Qa1+ 38. Rd1 Qa5 39. Qf3 Rd8 40. Rxd8 Qxd8 41. Qxh5 Qc7 42. Qg4+ Kf8 43. Qb4+ Kg7 44. Qg4+ Kh7 45. Qf4 Qc1+ 46. Kh2 Kg7 47. Qg4+ Kh7 48. Qd7 Kg7 49. h4 Qc2 50. Qg4+ Kh7 51. e4 Kh8 52.
Qf5 Kg7 53. g3 Qc7 54. Kh3 Qc3 55. Qg4+ Kh7 56. Qf4 Kg7 57. Kg2 Qa1 58. g4 Kh7 59. Qf5+ Kg7 60. h5 Qd4 61. g5 fxg5 62. Qxg5+ Kh7 63.
Qf5+ Kg7 64. Kg3 Qd3+ 65. f3 Qd1 66. Qg5+ Kh7 67. Qf5+ Kg7 68. h6+ Kxh6 69. Qf6+ Kh7 70. Qxf7+ Kh6 71. Qf6+ Kh7 72. Kg4 Qe2 73. Kf4 Qd2+ 74.
Kf5 Qe3 75. Qh4+ Kg7 76. Qg5+ Qxg5+ 77. Kxg5 1-0

[Event "*** Titled Tuesday Blitz"]
[Site "Chess.com"]
[Date "2021.04.06"]
[Round "8"]
[White "TC2304"]
[Black "mr65"]
[Result "0-1"]
[WhiteElo "2273"]
[BlackElo "2163"]
[TimeControl "180+1"]
[EndTime "11:29:24 PDT"]
[Termination "mr65 won on time"]

1. Nf3 Nf6 2. c4 g6 3. g3 Bg7 4. Bg2 O-O 5. O-O d6 6. Nc3 Nc6 7. b3 a6 8. Bb2 Rb8 9. d4 b5 10. d5 Na5 11. cxb5 axb5 12. Nd4 b4 13. Ne4 Nxe4 14.
Bxe4 c5 15. dxc6 d5 16. Bg2 e5 17. Nf3 Nxc6 18. Rc1 Bb7 19. Rc5 d4 20. Qc2 Rc8 21. Rc1 e4 22. Nd2 d3 23. exd3 exd3 24. Qb1 Bxb2 25. Qxb2 Na5 26. Rxc8 Bxc8 27. Qe5 Re8 28. Qc5 Nb7 29. Qxb4 Nd6 30. Qd4 Nf5 31. Qxd8 Rxd8 32. Be4 Ba6 33. Rc3 Rd4 34. f4 Nd6 35.
Bf3 f5 36. Kf2 Ne4+ 37. Bxe4 fxe4 38. Ke3 Rd8 39. Nxe4 Re8 40. Rc4 Bxc4 41. bxc4 Rxe4+ 42. Kxd3 Re1 43. c5 Kf8 0-1

[Event "*** Titled Tuesday Blitz"]
[Site "Chess.com"]
[Date "2021.04.06"]
[Round "8"]
[White "Nicolas_Chess10"]
[Black "SergioGarciaFuentes"]
[Result "1/2-1/2"]
[WhiteElo "2442"]
[BlackElo "2331"]
[TimeControl "180+1"]
[EndTime "11:29:25 PDT"]
[Termination "Game drawn by repetition"]

1. d4 d5 2. c4 c6 3. Nc3 Nf6 4. e3 e6 5. Nf3 Nbd7 6. Bd3 dxc4 7. Bxc4 b5 8. Bd3 Bb7 9. e4 a6 10. e5 Nd5 11. Nxd5 cxd5 12. O-O Be7 13. Bf4 Rc8 14.
Qd2 O-O 15. Ng5 g6 16. Qe3 Rc4 17. Bxc4 dxc4 18. Ne4 Nb6 19. Nc5 Bxc5 20. dxc5 Nd5 21. Qd4 Nxf4 22. Qxf4 Qd5 23. Qg3 Rd8 24. h4 Qxc5 25.
Rad1 Rd5 26. Rxd5 Bxd5 27. Kh2 b4 28. Rc1 Qd4 29. Rc2 Be4 30. Re2 Bd3 31. Rd2 a5 32.
h5 Kg7 33. Qg5 a4 34. h6+ Kf8 35. Qf6 Ke8 36. g3 c3 37. bxc3 bxc3 38. Rd1 c2 39. Rc1 a3 40. Qh8+ Ke7 41. Qf6+ Ke8 42. Qh8+ Ke7 43.
Qf6+ Ke8 1/2-1/2

[Event "*** Titled Tuesday Blitz"]
[Site "Chess.com"]
[Date "2021.04.06"]
[Round "8"]
[White "MaevskiyNikolay"]
[Black "Redbandit87"]
[Result "1-0"]
[WhiteElo "2569"]
[BlackElo "2413"]
[TimeControl "180+1"]
[EndTime "11:29:26 PDT"]
[Termination "MaevskiyNikolay won by resignation"]

1. Nf3 Nf6 2. c4 e6 3. e3 d5 4. Nc3 Be7 5. b3 O-O 6. Bb2 c5 7. cxd5 exd5 8. d4 cxd4 9. Nxd4 Nc6 10. Be2 Qb6 11. Nxc6 bxc6 12. O-O Bf5 13. Na4 Qb7 14. Rc1 Rac8 15. Qd4 Rfd8 16. Nc5 Bxc5 17. Rxc5 Bd7 18.
h4 Be8 19. h5 h6 20. Rfc1 Qe7 21. Qh4 Rd6 22. Ba6 Rb8 23. Bd3 Qd8 24. Be5 Rb7 25.
Bxd6 Qxd6 26. f3 Qe5 27. Qd4 Qxd4 28. exd4 Nxh5 29. Re1 Kf8 30. Ra5 Nf4 31. Ba6 Rc7 32. Kf2 Ne6 33. Rd1 Ke7 34. Ke3 Kd6 35. b4 f5 36. g3 g5 37. f4 gxf4+ 38. gxf4 Rg7 39.
Rf1 Rg3+ 40. Rf3 Rg1 41. Bd3 Re1+ 42. Kd2 Nxd4 43. Rh3 Rg1 44. Rxh6+ Kc7 45. Rxa7+ Kb8 46. Re7 Rg2+ 47. Kc3 1-0

[Event "*** Titled Tuesday Blitz"]
[Site "Chess.com"]
[Date "2021.04.06"]
[Round "8"]
[White "GM_LOADING"]
[Black "Agibileg"]
[Result "0-1"]
[WhiteElo "2538"]
[BlackElo "2564"]
[TimeControl "180+1"]
[EndTime "11:29:26 PDT"]
[Termination "Agibileg won by resignation"]

1. d4 c5 2. d5 Nf6 3. Nc3 a6 4. a4 e6 5. e4 exd5 6. exd5 d6 7.
Nf3 Be7 8. Be2 O-O 9. O-O Ne8 10. Nd2 Nc7 11. Nc4 Nd7 12. Bf4 Ne8 13. a5 b5 14.
axb6 Nxb6 15. Na5 Bf6 16. Ne4 Bf5 17. Nc6 Qd7 18. Ng3 Bg6 19. c3 Nc8 20. Bxa6 Nc7 21. Be2 Rxa1 22. Qxa1 Nxd5 23. Nb8 Qa7 24. Qxa7 Nxa7 25.
Nd7 Nxf4 26. Nxf8 Nxe2+ 27. Nxe2 Kxf8 28. Ra1 Nb5 29. Nf4 Be4 30. f3 Bb7 31. Ra5 Bc6 32. Ra6 Bg5 33. Rxc6 Bxf4 34. Kf2 Ke7 35. g3 Bc1 36.
Rb6 Nc7 37. f4 f5 38. Ke2 g5 39. Rb7 Kd7 40. fxg5 Bxg5 41. Rb8 Kc6 42. Rh8 h6 43. Kd1 Kd5 44. Rf8 Ke4 45. Ke2 d5 46. Re8+ Nxe8 0-1

[Event "*** Titled Tuesday Blitz"]
[Site "Chess.com"]
[Date "2021.04.06"]
[Round "8"]
[White "ffbp3q"]
[Black "manuellarrea"]
[Result "1-0"]
[WhiteElo "2380"]
[BlackElo "2242"]
[TimeControl "180+1"]
[EndTime "11:29:26 PDT"]
[Termination "ffbp3q won on time"]

1. d4 Nf6 2. c4 e6 3. Nf3 d5 4. Nc3 c5 5. e3 Nc6 6. a3 a6 7. dxc5 Bxc5 8. b4 Bb6 9. Bb2 O-O 10. Rc1 d4 11. exd4 Nxd4 12. c5 Nxf3+ 13. Qxf3 Bc7 14. Bd3 e5 15. Ne4 Nxe4 16. Qxe4 f5 17. Bc4+ Kh8 18. Qd5 Qf6 19. O-O Rd8 20. Qf3 Qh6 21. g3 e4 22. Qe3 Qg6 23. f4 exf3 24. Qxf3 f4 25. Rcd1 Bg4 26. Rxd8+ Rxd8 27. Qxb7 Bb8 28. Qb6 Rf8 29.
Qxg6 hxg6 30. Bxa6 Bh3 31. Rf2 g5 32. Bf1 Bxf1 33.
Kxf1 Kg8 34. g4 Rd8 35. Re2 Kf7 36. b5 1-0

[Event "*** Titled Tuesday Blitz"]
[Site "Chess.com"]
[Date "2021.04.06"]
[Round "8"]
[White "shimastream"]
[Black "Korchmar_Vasiliy"]
[Result "1-0"]
[WhiteElo "2947"]
[BlackElo "2669"]
[TimeControl "180+1"]
[EndTime "11:29:28 PDT"]
[Termination "shimastream won on time"]

1. e4 c5 2. b3 e6 3. Nf3 a6 4. Bb2 Nc6 5. d4 cxd4 6. Nxd4 Qf6 7. c3 Bc5 8. Be2 Nge7 9. O-O Ng6 10. Na3 O-O 11.
Nac2 e5 12. Nf5 Nce7 13. Nfe3 d6 14. c4 Nf4 15. Bf3 b5 16. Kh1 Be6 17. cxb5 axb5 18. b4 Ba7 19. Qxd6 Neg6 20. Qd1 Rfd8 21. Nd5 Qg5 22. Nce3 Rac8 23. a4 bxa4 24. Rxa4 Bxe3 25. fxe3 Nxd5 26. exd5 Bd7 27. Ra5 Nh4 28. d6 Nxf3 29.
Qxf3 Be6 30. Bxe5 Qg6 31. Bg3 Rc2 32. Rc5 Rd2 33. b5 h5 34. Rd1 Bg4 35. Rxd2 Bxf3 36.
gxf3 Qb1+ 37. Kg2 Qb4 38. Rcd5 h4 39. Bf4 g6 40. d7 1-0

[Event "*** Titled Tuesday Blitz"]
[Site "Chess.com"]
[Date "2021.04.06"]
[Round "8"]
[White "Vamostodorecto"]
[Black "MartinHollan"]
[Result "1/2-1/2"]
[WhiteElo "2461"]
[BlackElo "2566"]
[TimeControl "180+1"]
[EndTime "11:29:28 PDT"]
[Termination "Game drawn by repetition"]

1. d4 Nf6 2. c4 e6 3. Nc3 Bb4 4. e3 O-O 5. Bd2 b6 6. Nf3 Bb7 7. Bd3 d5 8. cxd5 exd5 9. O-O Nbd7 10. Ne5 Bxc3 11. Bxc3 Ne4 12. Rc1 Nxe5 13. dxe5 c5 14. Bxe4 dxe4 15. Qd6 Qxd6 16. exd6 f6 17. b4 Rac8 18. bxc5 Rxc5 19. Bb4 Rxc1 20. Rxc1 Rc8 21. Rd1 Bc6 22. f3 exf3 23. d7 Rd8 24. Rd6 Bxd7 25. gxf3 Kf7 26. a4 Ke8 27. a5 Bf5 28. axb6 Rxd6 29. Bxd6 axb6 30. e4 Bc8 31. Kf2 Kd7 32.
Bf8 g6 33. Ke3 Ke6 34. f4 Ba6 35. h4 Bf1 36. Kd4 Bg2 37. Bg7 b5 38. e5 f5 39.
Bf8 Kd7 40. Kc5 Bf1 41. Bd6 Bc4 42. Bf8 Ke6 43. Bd6 Bf1 44. Bf8 b4 45. Kxb4 Kd5 46. Bh6 Ba6 47. Ka5 Bc8 48. Kb6 Ke6 49. Kc7 Bd7 50.
Kd8 Bc6 51. Bg5 Bd7 52. Bh6 Bc6 53. Kc7 Bd7 54. Kb6 Be8 55. Kc5 Bd7 56. Kd4 Be8 57.
Ke3 Bd7 58. Kf3 Be8 59. Kg3 Bd7 60. Kf3 Be8 61. Ke3 Bd7 62. Kd4 Be8 63. Kc5 Bd7 64.
Kb6 Be8 65. Kc7 Bd7 1/2-1/2

[Event "*** Titled Tuesday Blitz"]
[Site "Chess.com"]
[Date "2021.04.06"]
[Round "8"]
[White "Klavdia_Nik"]
[Black "TimKett"]
[Result "1-0"]
[WhiteElo "2055"]
[BlackElo "2223"]
[TimeControl "180+1"]
[EndTime "11:29:28 PDT"]
[Termination "Klavdia_Nik won on time"]

1. Nf3 f5 2. c4 Nf6 3. g3 d6 4. d4 e6 5. Nc3 Be7 6. Bg2 O-O 7. O-O Qe8 8. Qc2 Qg6 9. Nh4 Qh5 10. Bf3 Qf7 11. e4 Nc6 12. Qd1 fxe4 13. Nxe4 Nxe4 14. Bxe4 Bxh4 15. gxh4 e5 16. Bd5 Be6 17. Bxe6 Qxe6 18.
dxe5 Nxe5 19. Qd5 Rae8 20. Be3 Nf3+ 21. Kh1 c6 22. Qxe6+ Rxe6 23. h5 Rf5 24. h6 Rg6 25. hxg7 Rh5 26. Bf4 Nxh2 27. Bxh2 Rgh6 28. Kg2 Rxh2+ 29.
Kf3 Kxg7 30. Rg1+ Rg6 31. Rxg6+ hxg6 32. Rd1 Rh3+ 33. Kg2 Rh4 34. b3 d5 35. cxd5 cxd5 36.
Rxd5 Kf6 37. Rd7 Rb4 38. Kf3 a5 39. Ke3 a4 40. Rd3 1-0

[Event "*** Titled Tuesday Blitz"]
[Site "Chess.com"]
[Date "2021.04.06"]
[Round "8"]
[White "Rodalquilar"]
[Black "Sanan_Sjugirov"]
[Result "0-1"]
[WhiteElo "2699"]
[BlackElo "2877"]
[TimeControl "180+1"]
[EndTime "11:29:29 PDT"]
[Termination "Sanan_Sjugirov won on time"]

1. d4 Nf6 2. Bf4 e6 3. e3 c5 4. c3 b6 5. Nd2 cxd4 6. exd4 Bb7 7. Ngf3 Be7 8. h3 d6 9. Bd3 Nbd7 10. O-O a6 11. a4 Nf8 12. Bh2 Ng6 13. Nc4 O-O 14. Nfd2 Bc6 15. Qe2 Qc7 16. Ne3 Qb7 17. b4 Rfc8 18.
c4 a5 19. b5 Bd7 20. Rac1 Re8 21. Rfe1 Rac8 22. Bg3 Bf8 23. h4 e5 24. Bxg6 hxg6 25.
d5 Rcd8 26. f3 Nh5 27. Bh2 f5 28. Qf2 Bc8 29. g4 Nf6 30. Qg2 Qf7 31. Rf1 Be7 32.
f4 fxg4 33. fxe5 dxe5 34. Ne4 Rf8 35. c5 bxc5 36. Ng5 Qe8 37. Bxe5 Bd6 0-1

[Event "*** Titled Tuesday Blitz"]
[Site "Chess.com"]
[Date "2021.04.06"]
[Round "8"]
[White "korbul"]
[Black "Diaschess88"]
[Result "1-0"]
[WhiteElo "2554"]
[BlackElo "2395"]
[TimeControl "180+1"]
[EndTime "11:29:29 PDT"]
[Termination "korbul won by resignation"]

1. e4 c6 2. Nc3 d5 3. Nf3 dxe4 4. Nxe4 Nf6 5. Ng3 Bg4 6. h3 Bxf3 7. Qxf3 e6 8. Bc4 Nbd7 9. O-O Ne5 10. Qe2 Nxc4 11. Qxc4 Qd5 12. Qe2 Bd6 13. c4 Qe5 14. Qf3 h5 15.
Rd1 Qd4 16. d3 h4 17. Ne2 Qc5 18. b3 Qe5 19. Bf4 Qc5 20. d4 Qa3 21. Bg5 Be7 22. Nc3 Qa5 23. Bd2 Qh5 24. Qd3 O-O-O 25. Bf4 Bd6 26.
Bxd6 Rxd6 27. b4 Rhd8 28. Qe3 Kb8 29. c5 R6d7 30. b5 cxb5 31. Nxb5 a6 32. Nd6 Ne8 33. Nc4 Qf5 34. Rab1 Rc7 35. Na5 Nf6 36. Rb3 Nd5 37.
Qe2 Ka7 38. Rdb1 Rdd7 39. Qb2 Nf4 40. c6 bxc6 41. Rb8 Nd5 42. Nxc6+ Rxc6 43. Ra8+ Kxa8 1-0

[Event "*** Titled Tuesday Blitz"]
[Site "Chess.com"]
[Date "2021.04.06"]
[Round "8"]
[White "suneebaker"]
[Black "BeyondMadness"]
[Result "0-1"]
[WhiteElo "2122"]
[BlackElo "2275"]
[TimeControl "180+1"]
[EndTime "11:29:29 PDT"]
[Termination "BeyondMadness won on time"]

1. e4 g6 2. d4 Bg7 3. Nc3 d6 4. Be3 a6 5. a4 Nc6 6. h3 Nf6 7.
Nf3 O-O 8. Be2 e5 9. dxe5 Nxe5 10. Nd4 Qe7 11. O-O Re8 12. f4 Ned7 13. Bf3 Nc5 14. Bf2 Ne6 15. Nde2 Bd7 16. Bh4 Qf8 17. e5 dxe5 18. fxe5 Qc5+ 19. Kh1 Qxe5 20. Bxb7 Rad8 21. Qc1 Nc5 22. Bf3 Bf5 23. Nf4 Bh6 24. Bg3 Qd4 25. Nce2 Qc4 26. b3 Qb4 27. Qb2 Nfe4 28. Bh2 Nd2 29. Rf2 Nxf3 30. Rxf3 Be4 31. Rf2 Rd2 32. Qf6 Nd7 33. Qxa6 Rxc2 34. Raf1 Nc5 35. Qf6 Bg7 36.
Qxf7+ Kxf7 37. Nd5+ Kg8 38. Nxb4 Rb2 39. Rc1 Nxb3 40.
Rxc7 Nd4 41. Rxg7+ Kxg7 0-1

[Event "*** Titled Tuesday Blitz"]
[Site "Chess.com"]
[Date "2021.04.06"]
[Round "8"]
[White "kuli4ik"]
[Black "anon102030"]
[Result "1-0"]
[WhiteElo "2887"]
[BlackElo "2747"]
[TimeControl "180+1"]
[EndTime "11:29:30 PDT"]
[Termination "kuli4ik won on time"]

1. Nf3 d6 2. g3 g6 3. Bg2 Bg7 4. O-O Nc6 5. d4 e5 6. dxe5 Nxe5 7. Nxe5 Bxe5 8. c4 Ne7 9. Nc3 O-O 10. Qd2 Bg7 11. b3 Rb8 12. Bb2 b6 13. Rac1 Bb7 14.
Nd5 c6 15. Bxg7 Kxg7 16. Qd4+ f6 17. Nf4 Bc8 18. Rfd1 Nf5 19. Qd2 c5 20. e3 g5 21.
Nd5 Bb7 22. Qc3 Qe8 23. Rd2 Qe5 24. Qc2 Rbd8 25. Rcd1 Bc8 26. Rd3 h5 27. Nc3 Ne7 28. R3d2 f5 29. Nd5 Nxd5 30. Rxd5 Qe7 31. Qd2 Rf6 32. e4 Kg6 33. e5 Re6 34. exd6 Qf6 35. d7 Bb7 36. Rd3 Bxg2 37. Kxg2 f4 38. gxf4 gxf4 39.
Rd5 Kh6 40. Kh1 Qf7 41. Rd6 Kh7 42. Qd3+ Kh6 43. Qd5 1-0

[Event "*** Titled Tuesday Blitz"]
[Site "Chess.com"]
[Date "2021.04.06"]
[Round "8"]
[White "joejan"]
[Black "beautroll"]
[Result "0-1"]
[WhiteElo "2278"]
[BlackElo "2459"]
[TimeControl "180+1"]
[EndTime "11:29:30 PDT"]
[Termination "beautroll won on time"]

1. e4 c5 2. Nc3 d6 3. f4 Nf6 4. Nf3 e6 5. Bc4 Nc6 6. d3 Be7 7. O-O O-O 8. h3 a6 9. a4 d5 10. Bb3 c4 11. dxc4 d4 12. Ne2 Bc5 13. Ng3 d3+ 14. Kh1 Nb4 15. c3 Nc6 16. e5 Ne8 17. Ne4 Be7 18. Be3 f5 19. Nc5 d2 20. Qxd2 Qb6 21.
Nxe6 Qxb3 22. Nxf8 Kxf8 23. c5 Be6 24. Ra3 Qc4 25.
Rd1 Rd8 26. Qe1 Rxd1 27. Qxd1 h6 28. b4 Qe4 29. Nd4 Nxd4 30. Qxd4 Qb1+ 31. Kh2 Nc7 32. c4 Qc2 33. Rc3 Qxa4 34. Qd3 Qc6 35. Rb3 Qa4 36.
b5 axb5 37. Ra3 Qxc4 38. Qd1 b4 39. Ra7 Bd5 0-1

[Event "*** Titled Tuesday Blitz"]
[Site "Chess.com"]
[Date "2021.04.06"]
[Round "8"]
[White "Jospem"]
[Black "GMSrinath"]
[Result "0-1"]
[WhiteElo "2904"]
[BlackElo "2829"]
[TimeControl "180+1"]
[EndTime "11:29:31 PDT"]
[Termination "GMSrinath won by checkmate"]

1. e4 c6 2. Nf3 d5 3. d3 g6 4.
Nbd2 Bg7 5. g3 Nf6 6. Bg2 O-O 7. O-O dxe4 8. dxe4 Nbd7 9. Qe2 e5 10. Nc4 Qc7 11. a4 b6 12. b3 Ba6 13. Ba3 Rfe8 14.
Rfd1 Bf8 15. Bb2 Bb7 16. h3 a5 17. Qe1 Bb4 18. Qe2 Ba6 19. Nfd2 Nh5 20. h4 Rad8 21. Bh3 Ng7 22. Nf3 f6 23. Qe3 Bxc4 24. bxc4 Bf8 25. Bg4 Nc5 26. Rxd8 Rxd8 27. h5 gxh5 28.
Bh3 Qf7 29. Qe2 Qg6 30. Re1 Nxa4 31. Ba1 Nc5 32. Nh4 Qxe4 33. Qf1 Qxc2 34. f4 Rd2 35. fxe5 Nd3 36. Qxf6 Nxe1 37. Be6+ Nxe6 38. Qxe6+ Kh8 39. Qf7 Bc5+ 40. Kf1 Rf2+ 41. Kxe1 Qe2# 0-1

[Event "*** Titled Tuesday Blitz"]
[Site "Chess.com"]
[Date "2021.04.06"]
[Round "8"]
[White "Isajevsky_Anton"]
[Black "Vincent_Vega95"]
[Result "0-1"]
[WhiteElo "2568"]
[BlackElo "2716"]
[TimeControl "180+1"]
[EndTime "11:29:31 PDT"]
[Termination "Vincent_Vega95 won on time"]

1. c4 Nf6 2. Nc3 g6 3. g3 Bg7 4. Bg2 O-O 5. e3 d6 6. Nge2 e5 7. O-O Re8 8. d3 Nc6 9. Rb1 a5 10. a3 h5 11. h3 Nh7 12. f4 f5 13. e4 Nd4 14. Be3 h4 15. fxe5 dxe5 16. exf5 Nxf5 17. Bf2 hxg3 18. Nxg3 Nh4 19. Nge4 Nxg2 20. Kxg2 Rf8 21. Bg3 Rf5 22. Nd5 Be6 23. Ne3 Rxf1 24. Qxf1 Qd7 25. Ng4 Bxg4 26. hxg4 Qxg4 27. Qf3 Qxf3+ 28. Kxf3 Rd8 29.
Ke2 Nf8 30. Ng5 Bf6 31. Nf3 Re8 32. Ke3 Nd7 33. b4 axb4 34. axb4 Kg7 35. Re1 Rh8 36. Kf2 Rh5 37. Re4 c6 38. c5 Kf7 39. Kg2 Rf5 40. Kf2 Ke6 41. Ke3 Kd5 42. Rg4 g5 43.
Nd2 Nf8 44. Ne4 Be7 45. Nc3+ Ke6 46. Re4 Ng6 47. d4 Bf6 48. b5 g4 49. dxe5 Rf3+ 50. Kd2 Bg5+ 51. Kc2 Rxg3 52. bxc6 bxc6 0-1

[Event "*** Titled Tuesday Blitz"]
[Site "Chess.com"]
[Date "2021.04.06"]
[Round "8"]
[White "Sueetin"]
[Black "kai_nov"]
[Result "0-1"]
[WhiteElo "2387"]
[BlackElo "2293"]
[TimeControl "180+1"]
[EndTime "11:29:31 PDT"]
[Termination "kai_nov won on time"]

1. d4 d5 2. c4 e6 3. Nc3 c6 4. e3 Nf6 5. Nf3 Nbd7 6. Qc2 Bd6 7. b3 O-O 8. Be2 b6 9. O-O Bb7 10. Bb2 Qe7 11. Rfe1 Rfe8 12. Bf1 dxc4 13. bxc4 c5 14.
Nb5 Bxf3 15. Nxd6 Qxd6 16. gxf3 cxd4 17. exd4 e5 18. d5 Rac8 19. Qf5 g6 20. Qg5 Nh5 21. Re4 f6 22. Qh6 Qb4 23. Rb1 Nc5 24. Rg4 Re7 25.
Qxh5 Qd2 26. Bc1 Qc2 27. Ra1 Qc3 28. Bh6 Kf7 29. Qh3 Qxa1 30. Be3 Rd8 31. Qh4 h5 32. Rg3 Nd3 33. Kg2 Ne1+ 34. Kg1 Qd1 35. Rxg6 Kxg6 36.
Qg3+ Kf7 37. Bg2 Rg8 38. Qh3 Rxg2+ 0-1

[Event "*** Titled Tuesday Blitz"]
[Site "Chess.com"]
[Date "2021.04.06"]
[Round "8"]
[White "CzechmVIII"]
[Black "elvidirris"]
[Result "1-0"]
[WhiteElo "2201"]
[BlackElo "1999"]
[TimeControl "180+1"]
[EndTime "11:29:32 PDT"]
[Termination "CzechmVIII won on time"]

1. e4 e5 2. Nf3 Nc6 3. Bb5 a6 4.
Ba4 Nf6 5. O-O Be7 6. Re1 b5 7. Bb3 O-O 8. d3 d6 9. a3 Na5 10. Ba2 c5 11. Nc3 Bg4 12. h3 Be6 13. Bg5 Nc6 14. Bxf6 Bxf6 15. Nd5 Rc8 16. Nh2 Bg5 17.
Nf1 Bxd5 18. Bxd5 Kh8 19. Qh5 f5 20. exf5 Nd4 21. Qd1 Nxf5 22. Ne3 Qf6 23. Nxf5 Qxf5 24. Rf1 Bh4 25. Qe2 Rce8 26. Be4 Qf7 27. Qg4 Bxf2+ 28. Kh1 Qf4 29. Qd7 Qg3 30. Qxd6 Rf6 31. Qd7 Ref8 32. Rad1 Rh6 33. Bf3 Bd4 34.
Qg4 Qxg4 35. Bxg4 Rhf6 36. Rxf6 Rxf6 37. Kh2 Bxb2 38. Bc8 Bxa3 39. Re1 Bb2 40. Re4 Bd4 41.
Bxa6 1-0

[Event "*** Titled Tuesday Blitz"]
[Site "Chess.com"]
[Date "2021.04.06"]
[Round "8"]
[White "Goryachkina"]
[Black "GameOverBro"]
[Result "1-0"]
[WhiteElo "2635"]
[BlackElo "2524"]
[TimeControl "180+1"]
[EndTime "11:29:33 PDT"]
[Termination "Goryachkina won on time"]

1. e4 d6 2. d4 Nf6 3. Nc3 e5 4. Nf3 Nbd7 5. Bc4 Be7 6. O-O c6 7. a4 h6 8. Re1 Qc7 9. Nh4 O-O 10. Nf5 Nb6 11. Nxe7+ Qxe7 12. Bf1 Bg4 13. Qd3 Be6 14. b3 Rfd8 15. Ba3 c5 16. dxc5 dxc5 17. Qg3 Nbd7 18.
Be2 Qd6 19. Rad1 Qc6 20. Bb5 Qc7 21. Nd5 Bxd5 22. exd5 a6 23. d6 Qa5 24. Bc4 b5 25. Bf1 c4 26. Bb2 cxb3 27. cxb3 bxa4 28. Bc3 Qb6 29. bxa4 Qb3 30. Bxe5 Qxa4 31. Ba1 Qg4 32. Qa3 a5 33. h3 Qb4 34. Qg3 Nh5 35. Qf3 Nhf6 36.
Re7 a4 37. Qg3 Nh5 38. Qe3 Nhf6 39. Bd3 a3 40. Qg3 Nh5 41. Qf3 Nhf6 42. Qf5 a2 43. Rxd7 Rxd7 44. Bxf6 g6 45. Qxd7 1-0

[Event "*** Titled Tuesday Blitz"]
[Site "Chess.com"]
[Date "2021.04.06"]
[Round "8"]
[White "MateusViageiro"]
[Black "Trankuilizer"]
[Result "0-1"]
[WhiteElo "2360"]
[BlackElo "2575"]
[TimeControl "180+1"]
[EndTime "11:29:34 PDT"]
[Termination "Trankuilizer won on time"]

1. e4 c5 2. Nf3 d6 3. d4 cxd4 4. Nxd4 Nf6 5. Nc3 a6 6. f3 e5 7. Nb3 Be6 8. Be3 Nbd7 9. Qd2 Be7 10. O-O-O O-O 11. Kb1 b5 12. g4 Nb6 13. g5 Nh5 14. Bxb6 Qxb6 15. Nd5 Bxd5 16. exd5 a5 17. Bd3 a4 18. Nc1 b4 19. h4 g6 20. Ne2 Rfc8 21.
f4 a3 22. b3 exf4 23. Bc4 Bf8 24. Nxf4 Ng3 25. Rhe1 Bg7 26. h5 Re8 27. hxg6 hxg6 28. Ne6 fxe6 29. dxe6 Re7 30. Qg2 d5 31. Bxd5 Qc7 32.
Rd3 Rd8 33. Qxg3 Qxg3 34. Rxg3 Rxd5 35. Rf3 Rxe6 36. Ref1 Rde5 37. Rd1 Re1 38. Rf1 Rxd1+ 39. Rxd1 Bc3 0-1

[Event "*** Titled Tuesday Blitz"]
[Site "Chess.com"]
[Date "2021.04.06"]
[Round "8"]
[White "GigaQuparadze"]
[Black "tjychess"]
[Result "1-0"]
[WhiteElo "2853"]
[BlackElo "2633"]
[TimeControl "180+1"]
[EndTime "11:29:35 PDT"]
[Termination "GigaQuparadze won on time"]

1. e4 e5 2. Nf3 Nc6 3. Bb5 a6 4. Ba4 Nf6 5. O-O b5 6. Bb3 Bc5 7. a4 Bb7 8. c3 d6 9. d4 Bb6 10. Na3 O-O 11. Bg5 h6 12. Bxf6 Qxf6 13. d5 Ne7 14. axb5 axb5 15. Nxb5 Rxa1 16. Qxa1 Qf4 17. c4 Qxe4 18. Qd1 Qg6 19. Kh1 Bc8 20. Bc2 Qf6 21. Nd2 g6 22. b4 Qh4 23. Ne4 f5 24. c5 fxe4 25. cxb6 cxb6 26. Nxd6 Rxf2 27. Rxf2 Qxf2 28. Bxe4 Bg4 29. Qg1 Qd2 30. b5 Nxd5 31. h3 Be6 32.
Nc4 Qe2 33. Nd6 Kg7 34. Bf3 Qd2 35. Nc4 Qf4 36. Nxb6 Nxb6 37. Qxb6 Bxh3 38. Qc7+ Kf6 39.
Qd8+ Kg7 40. Qe7+ Kh8 41. Qd8+ Kh7 42. Qc7+ Kg8 43. b6 Bf5 44. Qd8+ Kg7 45. Qd1 1-0

[Event "*** Titled Tuesday Blitz"]
[Site "Chess.com"]
[Date "2021.04.06"]
[Round "8"]
[White "anon481216"]
[Black "ShapkinAnatoliy"]
[Result "1/2-1/2"]
[WhiteElo "2511"]
[BlackElo "2655"]
[TimeControl "180+1"]
[EndTime "11:29:35 PDT"]
[Termination "Game drawn - insufficient material"]

1. d4 Nf6 2. c4 g6 3. Nc3 d5 4. Bg5 Bg7 5. Bxf6 Bxf6 6. cxd5 c6 7. Rc1 O-O 8. dxc6 Bxd4 9. c7 Bxc3+ 10. Rxc3 Qxd1+ 11. Kxd1 Nc6 12. e4 Bd7 13. Nf3 Rac8 14. Bb5 Rxc7 15.
Kd2 a6 16. Bxc6 Rxc6 17. Rxc6 Bxc6 18. Ke3 Rd8 19. Rc1 f6 20. Nd4 Be8 21. Rc7 Rd7 22. Rc8 Kf7 23. f4 e5 24. fxe5 fxe5 25.
Nf3 Re7 26. Rb8 h6 27. h3 Ke6 28. h4 Kd6 29. Nd2 Kc7 30. Ra8 Bb5 31. Rg8 Rd7 32. Nf3 Rd3+ 33. Kf2 Bc6 34. Rxg6 Bxe4 35. Rxh6 Bxf3 36. gxf3 Rd2+ 37. Ke3 Rxb2 38. a4 Rb4 39. a5 Kd7 40. h5 Ke7 41. Rh7+ Kf6 42. h6 Kg6 43. Re7 Kxh6 44. Rxe5 Kg6 45. f4 Kf6 46. Kf3 Rb3+ 47. Ke4 b5 48. axb6 Rxb6 49. Ra5 Re6+ 50. Kf3 Rb6 51. Kg4 Rc6 52. Rh5 Kf7 53. Rh7+ Kg6 54. Ra7 Kf6 55. f5 Rc4+ 56. Kf3 Kxf5 57. Rxa6 Rc5 58. Ke3 Re5+ 59. Kd3 Re6 60. Rxe6 Kxe6 1/2-1/2